 Dungeon Crawl Stone Soup version 0.18.1-50-g88ac8fd (webtiles) character file.

783 Monkfish the Protected (level 7, -6/61 HPs)
             Began as a Minotaur Berserker on Oct 22, 2016.
             Was an Elder of Trog.
             Mangled by an ogre
             ... wielding a +0 giant spiked club
              (30 damage)
             ... on level 5 of the Dungeon.
             The game lasted 00:05:09 (3688 turns).

Monkfish the Protected (Minotaur Berserker)         Turns: 3688, Time: 00:05:10

Health: -6/61      AC: 10    Str: 23    XL:     7   Next: 55%
Magic:  15/15      EV:  9    Int:  4    God:    Trog [****..]
Gold:   232        SH:  0    Dex: 10    Spells: 0 memorised, 6 levels left

rFire  . . .     SeeInvis .     a - +1 hand axe
rCold  . . .     Gourm    .     e - +0 chain mail
rNeg   . . .     Faith    .     (no shield)
rPois  +         Spirit   .     (helmet restricted)
rElec  .         Dismiss  .     (no cloak)
rCorr  .         Reflect  .     (no gloves)
SustAt .         Harm     +     (no boots)
MR     .....                    k - amulet of harm
Stlth  ..........               p - ring of magical power
                                q - ring of poison resistance

@: not resistant to hostile enchantments, extremely unstealthy
A: retaliatory headbutt, horns 2
a: Berserk, Trog's Hand, Brothers in Arms, Burn Spellbooks, Renounce Religion


You were on level 5 of the Dungeon.
You worshipped Trog.
Trog was greatly pleased with you.
You were not hungry.

You visited 1 branch of the dungeon, and saw 5 of its levels.
You also visited: Sewer.

You collected 232 gold pieces.

Inventory:

Hand Weapons
 a - a +1 hand axe (weapon)
Armour
 e - a +0 chain mail (worn)
Jewellery
 k - an amulet of harm (around neck)
 p - a ring of magical power (right hand)
 q - a ring of poison resistance (left hand)
 s - an uncursed ring of protection from magic {unknown}
 u - an uncursed amulet of faith {unknown}
 w - an uncursed ring of wizardry {unknown}
Scrolls
 i - 3 scrolls of identify
 j - a scroll of immolation {unknown}
 l - 4 scrolls of blinking
 m - 4 scrolls of teleportation
 n - a scroll of magic mapping
 r - a scroll of torment {unknown}
 x - a scroll of enchant weapon
Potions
 b - a potion of berserk rage
 d - 5 potions of flight
 g - 4 potions of heal wounds
 h - 3 potions of curing
 o - a potion of cure mutation
 t - 2 potions of might
 v - 2 potions of mutation {unknown}
Comestibles
 c - 2 bread rations
 f - 2 beef jerkies
 z - a meat ration


   Skills:
 + Level 5.4 Fighting
 + Level 6.1 Axes
 * Level 8.2 Armour
 - Level 2.1 Dodging


You had 6 spell levels left.
You didn't know any spells.

Dungeon Overview and Level Annotations

Branches:
Dungeon (5/15)             Temple (0/1) D:5

Altars:
Elyvilon
Yredelemnul
The Shining One


Innate Abilities, Weirdness & Mutations

You reflexively headbutt those who attack you in melee.
You have a pair of horns on your head.


Message History

An ogre is nearby!
An ogre is nearby!
An ogre is nearby!
The ogre closely misses you. You furiously retaliate!
You headbutt the ogre! You hit the ogre.
The ogre is heavily wounded.
You barely miss the ogre.
You headbutt the ogre, but do no damage.
The ogre is heavily wounded.
The ogre hits you with a giant spiked club!!
Ouch! That really hurt!
You slash the ogre!
You headbutt the ogre, but do no damage.
The ogre is almost dead.
The ogre hits you but does no damage.
You hit the ogre but do no damage.
You headbutt the ogre, but do no damage.
The ogre is almost dead.
The ogre hits you with a giant spiked club!!
You die...

..+..........###...##........#
..#.....####.###.............#
........## #.##..≈§§.........#
###......# #.##.≈≈§≈≈.....####
##+#...# #.##≈≈§§≈≈≈....##
####.#...###.##≈§≈>§§≈.....#
.....'...+ ....§§§≈§≈§.....# ####
.###.#...# #.#..O≈§§≈......# #...
.# #.#...# #.#..@≈§≈..#....# #...
.# #.##### #.##..######....# #...
.###.#######.###.......#######...
...............+.................
.###.##........#......(#.########
.#...##........#.......#.#
.#.#.##........#.......#.#
.#.#.##........#.......#.#
.#.#.#######'###.......#.#


You could see an ogre.

Vanquished Creatures
  Purgy (Sewer)
  An ice beast (D:5)
  An ogre (D:4)
  A scorpion (D:5)
  An orc priest (D:4)
  A centaur skeleton (D:4)
  A hound (D:5)
  An iguana (D:4)
  3 orc wizards
  A worker ant (D:5)
  A hound skeleton (D:5)
  A gnoll (D:3)
  10 adders
  An adder skeleton (D:4)
  A worm (D:5)
  4 dart slugs
  4 giant geckos
  13 orcs
  8 bats
  3 giant cockroaches (D:3)
  4 goblins
  7 hobgoblins
  11 jackals
  10 kobolds
  2 quokkas (D:2)
  3 ball pythons
  11 giant newts
  8 rats
114 creatures vanquished.

Notes
Turn   | Place    | Note
--------------------------------------------------------------
     0 | D:1      | Monkfish the Minotaur Berserker began the quest for the Orb.
     0 | D:1      | Reached XP level 1. HP: 19/19 MP: 0/0
   149 | D:1      | Reached XP level 2. HP: 24/27 MP: 1/1
   498 | D:1      | Reached skill level 3 in Armour
   578 | D:1      | Reached XP level 3. HP: 31/33 MP: 2/2
   766 | D:1      | Reached ** piety under Trog
  1191 | D:2      | Reached XP level 4. HP: 29/41 MP: 3/3
  1209 | D:2      | Found a basalt altar of Yredelemnul.
  1618 | D:2      | Found a glowing golden altar of the Shining One.
  1628 | D:2      | Reached skill level 4 in Armour
  1865 | D:3      | Reached *** piety under Trog
  1889 | D:3      | Reached skill level 5 in Axes
  1945 | D:3      | Reached XP level 5. HP: 43/47 MP: 4/4
  2105 | D:3      | Found a glowing drain.
  2125 | Sewer    | Entered a sewer
  2146 | Sewer    | Noticed Purgy
  2160 | Sewer    | Killed Purgy
  2160 | Sewer    | Reached skill level 5 in Armour
  2275 | Sewer    | Reached XP level 6. HP: 51/53 MP: 5/5
  2317 | D:4      | Reached skill level 6 in Armour
  2456 | D:4      | Found a white marble altar of Elyvilon.
  2610 | D:4      | Reached **** piety under Trog
  2745 | D:4      | Reached skill level 5 in Fighting
  2884 | D:4      | Reached skill level 7 in Armour
  3008 | D:5      | Entered Level 5 of the Dungeon
  3087 | D:5      | Reached XP level 7. HP: 61/61 MP: 6/6
  3140 | D:5      | Found a staircase to the Ecumenical Temple.
  3557 | D:5      | Reached skill level 8 in Armour
  3688 | D:5      | Mangled by an ogre

Skill      XL: |  1  2  3  4  5  6  7 |
---------------+----------------------+-----
Fighting       | 4 5 |  5.4
Axes           | 4 5 6 |  6.1
Armour         | 3 4 5 7 8 |  8.2
Dodging        | |  2.1

Action                   |  1- 3 |  4- 6 |  7- 9 || total
-------------------------+-------+-------+-------++-------
Melee: Hand axe          |    83 |   163 |    41 ||   287
       Headbutt          |     8 |    22 |    14 ||    44
Invok: Berserk           |       |     2 |       ||     2
  Use: Potion            |     6 |     3 |       ||     9
       Scroll            |     3 |     7 |       ||    10
  Eat: Bread ration      |     1 |     1 |       ||     2
       Meat ration       |     1 |       |       ||     1
       Royal jelly       |       |     1 |       ||     1
Armor: Chain mail        |    49 |    88 |    13 ||   150
Dodge: Dodged            |    31 |    72 |    15 ||   118
